 Dungeon Crawl Stone Soup version 0.31-a0-818-ge7c7cf74f0 (webtiles) character file.

Game seed: 1841839299661424855

57 greenreed the Ruffian (level 3, -2/27 HPs)
             Began as a Demonspawn Shapeshifter on Sept 23, 2023.
             Slain by a gnoll
             ... wielding a +0 flail
              (8 damage)
             ... on level 2 of the Dungeon.
             The game lasted 00:01:48 (629 turns).

greenreed the Ruffian (Demonspawn Shapeshifter)      Turns: 629, Time: 00:01:49

Health: -2/27      AC:  5    Str: 16    XL:     3   Next: 73%
Magic:  3/3        EV: 11    Int: 11    God:
Gold:   56         SH:  0    Dex: 12    Spells: 2/2 levels left

rFire   . .          .
                       - Unarmed
rCold   . . .        (no shield)
rNeg    . . .        i - +0 ring mail
rPois   .            (helmet currently unavailable)
rElec   .            (cloak currently unavailable)
rCorr   .            (gloves currently unavailable)
SInv    .            (boots currently unavailable)
Will    .....        (no amulet)
Stlth   +            (no ring)
HPRegen 0.24/turn    (no ring)
MPRegen 0.08/turn

%: no passive effects
@: beast-form
A: beast (slay +1), spiny 1, demonic touch 1
a: Begin Untransformation


You were on level 2 of the Dungeon.
You were a hulking beast.
You visited 1 branch of the dungeon, and saw 2 of its levels.

You collected 56 gold pieces.

Inventory:

Hand Weapons
 k - a +0 sling
Armour
 a - a +0 animal skin
 g - a +0 pair of boots
 i - a +0 ring mail (worn)
 m - the +1 pair of boots of the Distant Future {rElec rCorr Dex+3 Stlth+}
   (You found it on level 2 of the Dungeon)

   Dex+3:     It affects your dexterity (+3).
   rElec:     It insulates you from electricity.
   rCorr:     It protects you from acid and corrosion.
   Stlth+:    It makes you more stealthy.
Talismans
 c - a beast talisman (active)
 d - a flux talisman
Scrolls
 h - a scroll of identify {unknown}
Potions
 b - a potion of lignification
 e - a potion of invisibility {unknown}
 f - 2 potions of curing {unknown}
 j - a potion of ambrosia {unknown}
 l - a potion of cancellation {unknown}


   Skills:
 * Level 2.2 Fighting
 + Level 2.1 Dodging
 * Level 3.3 Unarmed Combat
 + Level 2.9 Shapeshifting


You had 2 spell levels left.
You didn't know any spells.
Your spell library was empty.

Dungeon Overview and Level Annotations

Branches:
Dungeon (2/15)

Altars:


Innate Abilities, Weirdness & Mutations

You are a hulking beast.
Your limbs bulge with bestial killing power. (Slay +1)
You are partially covered in sharp spines.
Your touch may inflict minor irresistible damage on your foes.


Message History

A gnoll comes into view. It is wielding a +0 flail.
The gnoll shouts!
You hear a shout!
An adder comes into view.
You hear a shout!
The adder hisses angrily.
You closely miss the gnoll. Your touch misses the gnoll.
You barely miss the gnoll. The gnoll barely misses you.
You hit the gnoll but do no damage. The gnoll barely misses you.
You hit the gnoll.
The gnoll is moderately wounded.
The gnoll is struck by your spines. The gnoll hits you with a +0 flail!
You hit the gnoll.
The gnoll is heavily wounded.
The gnoll is struck by your spines. The gnoll closely misses you.
You hit the gnoll.
The gnoll is almost dead.
The gnoll hits you but does no damage.
You punch the gnoll!
You kill the gnoll!
You miss the adder. The adder is struck by your spines.
The adder bites you but does no damage.
A gnoll comes into view. It is wielding a +0 spear.
The adder is struck by your spines. The adder closely misses you.
You miss the adder.
You touch the adder!
The adder is almost dead.
The adder is struck by your spines.
You kill the adder!
The gnoll throws a throwing net.
The throwing net barely misses you. The gnoll hits you with a +0 flail.
You see here a +0 flail.
You closely miss the gnoll. Your touch misses the gnoll.
The gnoll hits you from afar with a +0 spear.
The gnoll closely misses you.
You are too injured to fight recklessly!
The gnoll attacks as it pursues you! The gnoll hits you but does no damage.
A gnoll comes into view. It is wielding a +0 whip.
The gnoll attacks as it pursues you! The gnoll hits you with a +0 flail!
* * * LOW HITPOINT WARNING * * *
There is a stone staircase leading up here.
The gnoll is struck by your spines. The gnoll hits you with a +0 flail!
You die...

..+ ..#
#####g#
#.....#
#)#
##.####
#..g..#
#..g..#
#..h..#
#.....#
#.(...#
#.....#
#.....#
#.....#
#######


You could see 3 gnolls.

Vanquished Creatures
  An adder (D:2)
  2 gnolls
  A dart slug (D:1)
  6 bats (D:1)
  4 endoplasms (D:1)
  2 giant cockroaches (D:1)
  A hobgoblin (D:1)
  2 kobolds (D:1)
  A quokka (D:1)
  2 ball pythons (D:1)
  A goblin (D:1)
  3 rats (D:1)
26 creatures vanquished.

Notes
Turn   | Place    | Note
-------+----------+-------------------------------------------
     0 | D:1      | greenreed the Demonspawn Shapeshifter began the quest for
                  | the Orb.
     0 | D:1      | Reached XP level 1. HP: 15/15 MP: 1/1
   169 | D:1      | Gained mutation: Your touch may inflict minor irresistible
                  | damage on your foes. [demonic ancestry]
   169 | D:1      | Reached XP level 2. HP: 18/21 MP: 2/2
   238 | D:1      | Reached skill level 3 in Unarmed Combat
   330 | D:1      | Gained mutation: You are partially covered in sharp spines.
                  | [demonic ancestry]
   330 | D:1      | Reached XP level 3. HP: 27/27 MP: 3/3
   599 | D:2      | Identified the +1 pair of boots of the Distant Future
                  | {rElec rCorr Dex+3 Stlth+}
   629 | D:2      | Slain by a gnoll

Illustrated notes

Levels and vault maps discovered:
D:1:      amcnicky_arrival_gap_in_the_tavern_cellar, layout_basic
D:2:      layout_basic, ebering_ecumenical_altar_abandoned, minmay_statues_item,
          minmay_goblin_kobold_house

Skill      XL: |  1  2  3 |
---------------+----------+-----
Dodging        | 2 |  2.1
Unarmed Combat | 3 |  3.3
Fighting       | 2 |  2.2
Shapeshifting  | |  2.9

Action                     || total
---------------------------++-------
  Melee: Unarmed           ||    52
         Touch             ||     9
 Armour: Animal skin       ||    19
         Ring mail         ||    14
  Dodge: Dodged            ||    42

Table legend: (Time is in decaauts)
 A = Elapsed time spent in this place.
 B = Non-inter-level travel time spent in this place.
 C = Inter-level travel time spent in this place.
 D = Time resting spent in this place.
 E = Time spent auto-exploring this place.
 F = Levels seen in this place.
 G = Mean time per level.
                   A        B        C        D        E       F      G
               +--------+--------+--------+--------+--------+-----+--------+
         Total |    626 |    592 |     34 |      0 |    443 |   2 |  313.0 |
       Dungeon |    626 |    592 |     34 |      0 |    443 |   2 |  313.0 |
               +--------+--------+--------+--------+--------+-----+--------+

Top non-repeatable levels by time:
     D:1: 596 daAuts
     D:2: 30 daAuts
